 Dungeon Crawl Stone Soup version 0.25.1-2-g60ff931df9 (webtiles) character file.

Game seed: 3245473500936436665

6827 DogServant the Grappler (level 10, 79/84 HPs)
             Began as a Troll Transmuter on Oct 18, 2020.
             Was an Initiate of Ru.
             Quit the game on level 10 of the Dungeon.
             The game lasted 00:12:30 (8349 turns).

DogServant the Grappler (Troll Transmuter)          Turns: 8349, Time: 00:12:30

Health: 79/84      AC: 15    Str: 21    XL:     10   Next: 77%
Magic:  10/10      EV: 14    Int:  9    God:    Ru [......]
Gold:   479        SH:  5    Dex: 12    Spells: 4/11 levels left

rFire    . . .     SeeInvis .     - Unarmed
rCold    . . .     Gourm    +   (no shield)
rNeg     . . .     Faith    .   b - +2 robe of the Valley {rCorr}
rPois    .         Spirit   .   (helmet restricted)
rElec    .         Reflect  +   m - +2 cloak
rCorr    +         Harm     .   (gloves unavailable)
MR       .....                  (boots unavailable)
Stlth    +.........             t - amulet of reflection
HPRegen  0.64/turn              i - +4 ring of protection
MPRegen  0.12/turn              A - +4 ring of evasion

@: no status effects
A: large, unfitting armour, claws 3, fast metabolism 3, gourmand, regeneration
1, screaming 1, shaggy fur 1, tough skin 3
a: Renounce Religion


You were on level 10 of the Dungeon.
You worshipped Ru.
Ru was noncommittal.
You were completely stuffed.

You visited 2 branches of the dungeon, and saw 11 of its levels.

You collected 529 gold pieces.
You spent 50 gold pieces at shops.

Inventory:

Missiles
 a - 294 arrows
Armour
 b - the +2 robe of the Valley (worn) {rCorr}
   (You found it on level 8 of the Dungeon)

   It provides partial protection from all sources of acid and corrosion.
 f - a +1 robe of fire resistance
 m - a +2 cloak (worn)
Jewellery
 i - a +4 ring of protection (left claw)
 t - an amulet of reflection (around neck)
 y - an uncursed ring of positive energy
 A - a +4 ring of evasion (right claw)
Wands
 g - a wand of iceblast (23)
 z - a wand of acid (6)
 D - a wand of flame (12)
Scrolls
 e - 3 scrolls of magic mapping
 h - 7 scrolls of teleportation
 j - 4 scrolls of remove curse
 n - 2 scrolls of enchant armour
 s - a scroll of enchant weapon
 w - a scroll of blinking
 B - a scroll of summoning {unknown}
Potions
 c - 2 potions of resistance
 k - 4 potions of might
 l - a potion of mutation
 o - a potion of magic
 q - 2 potions of curing
 r - a potion of heal wounds
 u - a potion of lignification
 v - 2 potions of stabbing
 x - 2 potions of berserk rage {unknown}
 C - 2 potions of degeneration {unknown}
 E - a potion of brilliance {unknown}
 F - a potion of haste
Comestibles
 d - 22 rations
 p - 9 chunks of flesh


   Skills:
 - Level 1.0 Fighting
 - Level 1.5 Dodging
 + Level 8.9 Unarmed Combat
 - Level 1.2 Spellcasting
 - Level 8.3 Transmutations
 + Level 7.4 Ice Magic


You had 4 spell levels left.
You knew the following spells:

 Your Spells              Type           Power        Failure   Level  Hunger
a - Beastly Appendage     Tmut           ###...       1%          1    ##.....
b - Sticks to Snakes      Tmut           ###.....     1%          2    ###....
c - Ice Form              Ice/Tmut       ##......     14%         4    #####..

Your spell library contained the following spells:

 Spells                   Type           Power        Failure   Level  Hunger
 Spider Form              Tmut/Pois      #.........   21%         3    ####...
 Blade Hands              Tmut           ###.......   32%         5    ######.
 Metabolic Englaciation   Hex/Ice        #.........   91%         5    ######.
 Ozocubu's Refrigeration  Ice            ##........   95%         6    #######
 Bolt of Magma            Conj/Fire/Erth #.........   100%        5    ######.
 Iskenderun's Battlesphe  Conj/Chrm      #.......     100%        5    ######.
 Freezing Cloud           Conj/Ice/Air   #.........   100%        6    #######
 Iron Shot                Conj/Erth      #.........   100%        6    #######
 Simulacrum               Ice/Necr       #.........   100%        6    #######
 Orb of Destruction       Conj           #.........   100%        7    #######
 Spellforged Servitor     Conj/Summ      #.........   100%        7    #######


Dungeon Overview and Level Annotations

Branches:
Dungeon (10/15)            Temple (1/1) D:7            Lair (0/6) D:10
    Orc: D:9-12

Altars:
Dithmenos
Gozag
Hepliaklqana
Kikubaaqudgha
Makhleb
Nemelex Xobeh
Ru
Trog
Vehumet
Xom
Yredelemnul

Shops:
D:6 !   D:8 !

Annotations:
D:7 1 runed translucent door, hallab's ghost, novice GrFi


Innate Abilities, Weirdness & Mutations

You are too large for most types of armour.
You have claws for hands.
Your metabolism is lightning-fast.
You like to eat raw meat.
Your natural rate of healing is unusually fast.
You occasionally shout uncontrollably at your foes.
You are covered in fur. (AC +1)
You have extremely tough skin. (AC +3)


Message History

An iguana is nearby!
An iguana is nearby!
The iguana hisses angrily.
The iguana misses you.
You closely miss the iguana. The iguana bites you.
You scratch the iguana but do no damage.
The iguana bites you.
You scratch the iguana.
The iguana is moderately wounded.
The iguana bites you but does no damage.
You mangle the iguana!!
You kill the iguana!
No target in view!
No target in view!
No target in view!
No target in view!
No target in view!
No target in view!
No target in view!
Are you sure you want to abandon this character and quit the game? (Confirm with "yes".)

#.#########.#.#.#.#
#...........#.....#
#
#^#############...#
.. #.# #....######
##. #.# #..........
... #.# ###..#####
.). #.# #..# ..P
#.# #######..# ...
#. #...†@...# ...
......)...## P..
####.###### ... #
..> .P. ... ♣P.


There were no monsters in sight!

Vanquished Creatures
  Erica (D:9)
  Joseph (D:9)
  Prince Ribbit (D:6)
  A hippogriff (D:8)
  Sigmund (D:5)
  A wyvern (D:9)
  4 yaks (D:10)
  A basilisk (D:10)
  A hungry ghost (D:10)
  3 porcupines (D:10)
  2 sky beasts
  A black bear (D:6)
  2 necrophages
  2 phantoms
  An orc warrior (D:9)
  2 ice beasts
  2 ogres
  6 centaurs
  3 crocodiles (D:10)
  Blork the orc (D:5)
  7 bullfrogs
  6 scorpions
  2 howler monkeys
  2 wights (D:10)
  A crimson imp (D:8)
  A bullfrog zombie (D:7)
  4 hounds
  5 orc priests
  A gnoll shaman (D:7)
  A jelly (D:5)
  10 orc wizards
  A bullfrog skeleton (D:7)
  Ijyb (D:4)
  2 iguanas
  7 worker ants
  A killer bee zombie (D:7)
  A worker ant zombie (D:7)
  8 gnolls
  9 adders
  A shadow imp (D:6)
  An ooze (D:2)
  An adder skeleton (D:6)
  An adder zombie (D:5)
  8 worms
  3 leopard geckos
  42 orcs
  A ball python (D:5)
  5 giant cockroaches
  5 goblins
  13 hobgoblins
  5 jackals
  A ball python skeleton (D:4)
  6 bats
  5 frilled lizards
  10 kobolds
  A quokka skeleton (D:9)
  A quokka zombie (D:7)
  10 rats
227 creatures vanquished.

Notes
Turn   | Place    | Note
-------+----------+-------------------------------------------
     0 | D:1      | DogServant the Troll Transmuter began the quest for the
                  | Orb.
     0 | D:1      | Reached XP level 1. HP: 18/18 MP: 1/1
    52 | D:1      | Reached XP level 2. HP: 22/26 MP: 2/2
   483 | D:2      | Reached XP level 3. HP: 32/32 MP: 1/3
   949 | D:3      | Reached XP level 4. HP: 40/40 MP: 4/4
  1175 | D:3      | Reached XP level 5. HP: 29/46 MP: 5/5
  1876 | D:4      | Noticed a phantom
  1892 | D:4      | Killed a phantom
  1892 | D:4      | Reached skill level 5 in Unarmed Combat
  1892 | D:4      | Reached XP level 6. HP: 39/54 MP: 6/6
  2526 | D:4      | Noticed Ijyb
  2772 | D:4      | Killed Ijyb
  3316 | D:5      | Entered Level 5 of the Dungeon
  3570 | D:5      | Learned a level 2 spell: Sticks to Snakes
  3575 | D:5      | Learned a level 4 spell: Ice Form
  3609 | D:5      | Reached XP level 7. HP: 46/61 MP: 7/7
  3612 | D:5      | Reached skill level 1 in Fighting
  3752 | D:5      | Noticed Sigmund
  3760 | D:5      | Killed Sigmund
  3760 | D:5      | Reached skill level 5 in Transmutations
  4018 | D:5      | Reached XP level 8. HP: 70/70 MP: 8/8
  4335 | D:5      | Noticed Blork the orc
  4349 | D:5      | Killed Blork the orc
  4501 | D:6      | Noticed Prince Ribbit
  4511 | D:6      | Killed Prince Ribbit
  4511 | D:6      | Reached skill level 1 in Ice Magic
  4962 | D:6      | Found Afupt's Distillery.
  4971 | D:6      | Reached XP level 9. HP: 76/76 MP: 7/9
  4988 | D:6      | Bought a potion of heal wounds for 50 gold pieces
  5282 | D:7      | Found a runed translucent door.
  5282 | D:7      | Noticed hallab's ghost (novice GrFi)
  5282 | D:7      | Noticed a five-headed hydra
  5426 | D:7      | Found a staircase to the Ecumenical Temple.
  5579 | D:7      | Found a bloodstained altar of Trog.
  5637 | Temple   | Entered the Ecumenical Temple
  5720 | Temple   | Became a worshipper of Ru the Awakened
  6044 | D:8      | Found Tenwaqi's Distillery.
  6127 | D:8      | Reached skill level 5 in Ice Magic
  6206 | D:8      | Got a crude robe
  6217 | D:8      | Identified the +2 robe of the Valley {rCorr} (You found it
                  | on level 8 of the Dungeon)
  6866 | D:9      | Gained mutation: You occasionally shout uncontrollably at
                  | your foes. [Ru sacrifice]
  7132 | D:9      | Noticed Erica
  7157 | D:9      | Killed Erica
  7157 | D:9      | Reached XP level 10. HP: 34/84 MP: 10/10
  7590 | D:9      | Noticed a moth of wrath
  7592 | D:9      | Found a bloodstained altar of Trog.
  7664 | D:9      | Noticed Joseph
  7690 | D:9      | Killed Joseph
  7820 | D:10     | Entered Level 10 of the Dungeon
  7821 | D:10     | Found a staircase to the Lair.
  8349 | D:10     | Quit the game

Illustrated notes

Levels and vault maps discovered:
D:1:      dpeg_arrival_shelter, layout_rooms, skrybe_limestone_x
D:2:      layout_basic, supply_closet_lemuel, minmay_tall_x
D:3:      wander_river, layout_loops_corners
D:4:      layout_basic, first_ration, uniq_ijyb
D:5:      layout_basic, uniq_sigmund, uniq_blork_the_orc
D:6:      layout_rooms, serial_shops, nicolae_shop_stone, uniq_prince_ribbit1
D:7:      layout_rooms, lightli_temple_of_fire, minmay_temple_entry_poolview,
          ebering_ghost_inner_flame
D:8:      layout_basic, serial_shops, nicolae_shop_window_shopping
D:9:      layout_irregular_city, tgw_trog, uniq_joseph, uniq_erica
D:10:     layout_loops_ring, minmay_lair_entry_grove
Temple:   roderic_octagonal_lattice_temple

Skill      XL: |  1  2  3  4  5  6  7  8  9 10 |
---------------+-------------------------------+-----
Transmutations | 2 3 4 6 7 8 |  8.3
Unarmed Combat | 4 5 6 8 |  8.9
Fighting       | 1 |  1.0
Ice Magic      | 3 6 7 |  7.4
Dodging        | |  1.5
Spellcasting   | |  1.2

Action                   |  1- 3 |  4- 6 |  7- 9 | 10-12 || total
-------------------------+-------+-------+-------+-------++-------
Melee: Unarmed           |   108 |   205 |   338 |   141 ||   792
       Kick              |     4 |       |    28 |    14 ||    46
       Punch             |       |     7 |     5 |     3 ||    15
       Headbutt          |       |       |     6 |     7 ||    13
 Cast: Beastly Appendage |     5 |       |    23 |    10 ||    38
       Sticks to Snakes  |       |       |     2 |     3 ||     5
Invok: Sacrifice Purity  |       |       |     1 |       ||     1
Evoke: Wand              |       |       |     2 |     3 ||     5
  Use: Scroll            |       |       |    15 |       ||    15
       Potion            |       |       |     2 |     4 ||     6
 Stab: Sleeping          |     1 |       |       |       ||     1
  Eat: Chunk             |    14 |    22 |    36 |    12 ||    84
Armor: Robe              |    43 |    95 |   154 |    32 ||   324
       Skin              |       |       |       |    85 ||    85
Dodge: Dodged            |    64 |   119 |   186 |    52 ||   421
Block: Other             |       |       |    19 |    25 ||    44
       Reflection        |       |       |       |     2 ||     2
